 Dungeon Crawl Stone Soup version 0.30-a0-218-gedb9141078 (webtiles) character file.

Game seed: 8971992771593316844

8754 timneilson the Blocker (level 11, 0/67 HPs)
             Began as a Gargoyle Fighter on Oct 5, 2022.
             Was an Elder of Okawaru.
             Slain by a large slime creature (28 damage)
             ... on level 11 of the Dungeon on Oct 6, 2022.
             The game lasted 00:18:05 (10055 turns).

timneilson the Blocker (Gargoyle Fighter)          Turns: 10055, Time: 00:18:06

Health: 0/67       AC: 28    Str: 31    XL:     11   Next: 35%
Magic:  14/15      EV: 12    Int: 10    God:    Okawaru [****..]
Gold:   163        SH:  7    Dex:  9    Spells: 10/10 levels left

rFire   . . .      SeeInvis .    G - +4 war axe of Frustration {vorpal, rC++ rN+ Int+2}
rCold   + + +      Faith    .    c - +0 buckler
rNeg    + + .      Spirit   .    q - +0 chain mail
rPois   ∞          Reflect  .    x - +1 helmet
rElec   +          Harm     .    f - +1 cloak
rCorr   .          Rampage  .    v - +0 pair of gloves
Will    .....                    (no boots)
Stlth   ..........               H - amulet of regeneration
HPRegen 1.11/turn                h - ring of protection from cold
MPRegen 0.14/turn                D - +6 ring of strength

@: heroic
A: sickness immunity, AC +8, negative energy resistance 1, electricity
resistance, torment resistance 1, petrification resistance
a: Renounce Religion, Heroism, Finesse


You were on level 11 of the Dungeon.
You worshipped Okawaru.
Okawaru was greatly pleased with you.
You visited 1 branch of the dungeon, and saw 11 of its levels.

You collected 523 gold pieces.
You spent 360 gold pieces at shops.

Inventory:

Hand Weapons
 a - a +0 long sword of venom
 E - a +5 scimitar
 G - the +4 war axe of Frustration (weapon) {vorpal, rC++ rN+ Int+2}
   (You took it off an orc warrior on level 10 of the Dungeon)

   It inflicts extra damage upon your enemies.
   Int:       It affects your intelligence (+2).
   rC:        It greatly protects you from cold.
   rN:        It protects you from negative energy.
Missiles
 r - a throwing net (quivered)
Armour
 c - a +0 buckler (worn)
 f - a +1 cloak (worn)
 m - a +0 plate armour
 q - a +0 chain mail (worn)
 v - a +0 pair of gloves (worn)
 x - a +1 helmet (worn)
Jewellery
 h - a ring of protection from cold (left hand)
 l - a ring of fire
 B - a ring of positive energy
 D - a +6 ring of strength (right hand)
 H - an amulet of regeneration (around neck)
Wands
 d - a wand of light (11)
 w - a wand of flame (52)
 z - a wand of polymorph (8)
 F - a wand of iceblast (6)
 I - a wand of digging (3)
Scrolls
 o - 3 scrolls of blinking
 y - 5 scrolls of teleportation
 A - a scroll of enchant armour
 C - 2 scrolls of amnesia
Potions
 b - 2 potions of lignification
 e - a potion of brilliance
 g - 4 potions of ambrosia
 i - a potion of invisibility
 j - 3 potions of heal wounds
 k - a potion of mutation {unknown}
 n - 3 potions of attraction
 p - a potion of haste {unknown}
 s - 2 potions of might
 t - a potion of resistance {unknown}


   Skills:
 + Level 7.0(12.0) Fighting
 * Level 7.3(12.3) Long Blades
 * Level 9.3(14.3) Armour
 + Level 4.5(9.5) Dodging
 * Level 9.4(14.4) Shields
 + Level 5.5 Invocations
 + Level 4.5 Evocations


You had 10 spell levels left.
You didn't know any spells.
Your spell library contained the following spells:

 Spells                   Type           Power      Damage    Failure   Level
 Gell's Gravitas          Tloc           0%         N/A       99%         3
 Teleport Other           Tloc           0%         N/A       99%         3
 Iskenderun's Battlesphe  Conj           0%         2d6       100%        5
 Dispersal                Tloc           0%         N/A       100%        6
 Iron Shot                Conj/Erth      0%         9d1       100%        6
 Spellforged Servitor     Conj/Summ      Unusable   N/A       N/A         7

Dungeon Overview and Level Annotations

Branches:
Dungeon (11/15)            Temple (0/1) D:5            Lair (0/5) D:10
    Orc (0/2) D:11

Altars:
Ashenzari
Cheibriados
Dithmenos
Elyvilon
Okawaru
Qazlal
Ru
Sif Muna
Trog
Wu Jian
Xom

Shops:
D:8 (   D:10 =

Annotations:
D:9 1 runed translucent door, purpskrrrp's ghost, novice TrFi


Innate Abilities, Weirdness & Mutations

You are immune to sickness and miasma.
Your stone body is resilient. (AC +8)
You are immune to poison.
You resist negative energy. (rN+)
You are resistant to electric shocks. (rElec)
You are resistant to unholy torment.
You are immune to petrification.


Message History

Okawaru accepts your kill.
The slime creature hits you but does no damage.
The ice beast hits you but does no damage.
A titanic slime creature splits.
You slash the slime creature!
The slime creature is almost dead.
You hit the ice beast but do no damage.
The slime creature hits you but does no damage.
The ice beast hits you but does no damage.
Two slime creatures merge to form an enormous slime creature.
The ice beast closely misses you.
You slash the enormous slime creature!
The enormous slime creature is moderately wounded.
You hit the large slime creature. You hit the ice beast.
You block the large slime creature's attack.
The ice beast hits you but does no damage.
Unknown command.
You slash the ice beast!
You kill the ice beast!
Okawaru accepts your kill.
You slash the large slime creature!
You barely miss the enormous slime creature.
A large slime creature splits.
You block the enormous slime creature's attack.
Your base Fighting skill increases to level 7!
You slash the slime creature!
The slime creature is moderately wounded.
You slash the slime creature! You slash the enormous slime creature!
The slime creature misses you.
The electric eel shoots out a bolt of lightning at you!
The bolt of electricity hits you. You resist.
An enormous slime creature splits.
The slime creature hits you!
You hit the slime creature.
The slime creature is moderately wounded.
You hit the slime creature. You slash the large slime creature! x2
The slime creature hits you but does no damage.
The large slime creature hits you!!
The slime creature hits you but does no damage.
The large slime creature hits you!!
You die...

,,,,....~.........###...#
,,,,....................#* ****
,,,,####.#...............#***,,**
,,,***..,#..................#,,,,
,,,*......#(.................,,,*
,,,,.....####........##.......,,*
,*,,......####.....##.........,,,
,,,,,..<,.......J...#.........,,,
,,,,,..,,.~~~...@J...........,,,*
,,,,,,,,~~~~~≈.~JJ...~~~~,,,,,,,*
,,,,,,,,,..~~....S~~~~..,~~,,,,,,
,,,,,~~~~~~~≈~~~~~~.....,,,,,**,*
,~~~~~,,~~~≈~~..........,,<,,,,,,
,,,,,,,,,...~..~........,,,,**,,,
,,,,,,,,,....~~~~.......,,,,,,,,,
,,,,,,,,,..........^....,,,,,,,,,
,,,,,,,,,,*,,,,,,,,,,,,,,,,,,,,,,


You could see 2 large slime creatures, 2 slime creatures and an electric eel.

Vanquished Creatures
  Snorg (D:10)
  A komodo dragon (D:11)
  2 trolls
  A hornet (D:7)
  Grinder (D:3)
  Sigmund (D:2)
  2 centaur simulacra (D:11)
  8 yaks
  2 wyverns (D:9)
  A wraith (D:10)
  2 steam dragons
  An acid dragon (D:10)
  2 water moccasins
  Duvessa (D:5)
  4 black bears
  7 orc warriors
  An ice beast (D:11)
  3 sky beasts
  An ogre (D:6)
  3 centaurs
  3 kobold brigands
  Blork the orc (D:5)
  2 necrophages (D:6)
  6 scorpions
  3 bullfrogs
  6 wights (D:9)
  Dowan (D:5)
  11 killer bees
  A jelly (D:6)
  2 hounds
  6 orc priests
  3 iguanas
  Jessica (D:3)
  7 orc wizards
  8 adders
  5 gnolls
  A shadow imp (D:7)
  3 white imps (D:11)
  An ufetubus (D:7)
  A worm (D:2)
  4 dart slugs
  31 orcs
  9 endoplasms
  A giant cockroach (D:1)
  14 goblins
  11 hobgoblins
  2 quokkas
  6 ball pythons
  7 bats
  4 frilled lizards
  27 kobolds
  2 rats
235 creatures vanquished.

Vanquished Creatures (others)
  21 fungi (D:10)
  20 plants
41 creatures vanquished.

Grand Total: 276 creatures vanquished

Notes
Turn   | Place    | Note
-------+----------+-------------------------------------------
     0 | D:1      | timneilson the Gargoyle Fighter began the quest for the
                  | Orb.
     0 | D:1      | Reached XP level 1. HP: 14/14 MP: 1/1
   144 | D:1      | You fall into a shaft and drop 1 floor!
   196 | D:2      | Reached XP level 2. HP: 19/19 MP: 2/2
   507 | D:1      | Reached XP level 3. HP: 23/23 MP: 3/3
   918 | D:2      | Noticed Sigmund
   933 | D:2      | HP: 1/23 [something (8)]
   935 | D:2      | Killed Sigmund
   936 | D:2      | Reached skill level 1 in Dodging
   936 | D:2      | Reached XP level 4. HP: 2/29 MP: 4/4
   936 | D:2      | Reached XP level 5. HP: 2/33 MP: 5/5
  1161 | D:2      | Found a faded altar of an unknown god.
  1707 | D:3      | Identified the +10 whip "Pukk" {freeze, Str+2}
  1788 | D:3      | Noticed Jessica
  1793 | D:3      | Killed Jessica
  1794 | D:3      | Reached XP level 6. HP: 37/38 MP: 6/6
  1922 | D:3      | Found an iron altar of Okawaru.
  1927 | D:3      | Became a worshipper of Warmaster Okawaru
  2320 | D:3      | Noticed Grinder
  2339 | D:3      | Paralysed by Grinder for 5 turns
  2349 | D:3      | Killed Grinder
  2350 | D:3      | Reached skill level 5 in Armour
  2350 | D:3      | Reached skill level 5 in Shields
  2350 | D:3      | Reached skill level 1 in Invocations
  2350 | D:3      | Reached XP level 7. HP: 36/43 MP: 7/7
  2683 | D:4      | Reached skill level 1 in Evocations
  2697 | D:4      | Found a stormy altar of Qazlal.
  3418 | D:5      | Entered Level 5 of the Dungeon
  3447 | D:5      | Reached * piety under Okawaru
  3573 | D:5      | Reached XP level 8. HP: 35/48 MP: 9/9
  3675 | D:5      | Noticed Dowan
  3679 | D:5      | Noticed Duvessa
  3690 | D:5      | Killed Dowan
  3702 | D:5      | Killed Duvessa
  4098 | D:5      | Found a staircase to the Ecumenical Temple.
  4112 | D:5      | Found a bloodstained altar of Trog.
  4220 | D:5      | Found a sacrificial altar of Ru.
  4226 | D:5      | Noticed Blork the orc
  4235 | D:5      | Killed Blork the orc
  4554 | D:6      | Found a shimmering blue altar of Sif Muna.
  4574 | D:6      | Reached ** piety under Okawaru
  4605 | D:6      | Found a snail-covered altar of Cheibriados.
  4615 | D:6      | Reached skill level 5 in Fighting
  4723 | D:6      | Reached XP level 9. HP: 50/54 MP: 11/11
  4805 | D:6      | Reached skill level 5 in Long Blades
  4810 | D:6      | Found a shadowy altar of Dithmenos.
  5000 | D:6      | Reached *** piety under Okawaru
  5190 | D:6      | Found a broken altar of Ashenzari.
  5396 | D:7      | Noticed a hornet
  5416 | D:7      | Killed a hornet
  5862 | D:7      | Found a white marble altar of Elyvilon.
  6051 | D:7      | Reached **** piety under Okawaru
  6713 | D:8      | Reached XP level 10. HP: 41/60 MP: 13/13
  6984 | D:8      | Found Samobush's Weapon Emporium.
  8178 | D:9      | Found a runed translucent door.
  8178 | D:9      | Found a shimmering altar of Xom.
  8178 | D:9      | Noticed a +2 flail of chaos
  8178 | D:9      | Noticed purpskrrrp's ghost (novice TrFi)
  8850 | D:10     | Entered Level 10 of the Dungeon
  8853 | D:10     | Noticed Snorg
  8874 | D:10     | Killed Snorg
  8875 | D:10     | Reached skill level 5 in Invocations
  8875 | D:10     | Reached XP level 11. HP: 50/66 MP: 7/14
  9210 | D:10     | Reached ***** piety under Okawaru
  9227 | D:10     | Identified the +4 war axe of Frustration {vorpal, rC++ rN+
                  | Int+2}
  9352 | D:10     | Found Wodeqe Habb's Jewellery Shoppe.
  9433 | D:10     | Found a staircase to the Lair.
  9532 | D:10     | Bought an amulet of regeneration for 360 gold pieces
  9889 | D:10     | Found an ornate altar of the Wu Jian Council.
 10055 | D:11     | Slain by a large slime creature

Illustrated notes

Levels and vault maps discovered:
D:1:      saegor_arrival_simple_a, layout_basic
D:2:      layout_loops_corners, chequers_ecumenical_altar_lobes, uniq_sigmund
D:3:      layout_basic, hellmonk_okawaru_the_only_friend_you_need,
          corexii_item_surrounded_by_moat, uniq_grinder, uniq_jessica
D:4:      corexii_shantytown, layout_rooms, grunt_qazlal_clouds
D:5:      layout_basic, nicolae_ru_path_of_blood, lemuel_tele_altar,
          minmay_temple_entry_trees, uniq_duvessa, uniq_blork_the_orc
D:6:      layout_rooms, cheibriados_altar_1, ashenzari_conservatory_becter,
          lemuel_crystal_altar, mainiacjoe_overflow_small_starburst,
          kennysheep_generic_room_13
D:7:      layout_basic, elyvilon_altar_5
D:8:      layout_rooms, nicolae_overflow_hidden_temple, serial_shops,
          kennysheep_mini
D:9:      layout_loops_corners, ebering_ghost_xom
D:10:     layout_loops_ring, pdpol_wu_jian_five_deadly_venoms,
          grunt_lair_entry_orc_guard_hut, serial_shops, shop, uniq_snorg
D:11:     layout_cave_pools, orc_0_dummy, serial_ice, serial_ice_m,
          serial_ice_k, serial_ice_f, serial_ice_c,
          portal_ice_cave_entry_pillars_2, chequers_serial_rivers_micro_b

Skill      XL: |  1  2  3  4  5  6  7  8  9 10 11 |
---------------+----------------------------------+-----
Long Blades    | 2 3 4 5 7 |  7.3
Armour         | 4 5 6 7 8 9 |  9.3
Dodging        | 1 2 3 4 |  4.5
Shields        | 4 5 6 7 9 |  9.4
Fighting       | 4 5 6 7 |  7.0
Invocations    | 1 2 4 5 |  5.5
Evocations     | 1 2 3 4 |  4.5

Action                   |  1- 3 |  4- 6 |  7- 9 | 10-12 || total
-------------------------+-------+-------+-------+-------++-------
Melee: Long sword        |    60 |    78 |   520 |   225 ||   883
       Scimitar          |       |       |       |   227 ||   227
       War axe           |       |       |       |    11 ||    11
Invok: Heroism           |       |       |     3 |     8 ||    11
       Finesse           |       |       |       |     1 ||     1
  Use: Scroll            |     1 |     2 |    15 |     2 ||    20
       Potion            |     1 |       |     1 |       ||     2
Armor: Scale mail        |    28 |    35 |    28 |       ||    91
       Chain mail        |       |       |   293 |   314 ||   607
Dodge: Dodged            |    24 |    34 |   197 |   226 ||   481
Block: Buckler           |     9 |    11 |   130 |   135 ||   285

Table legend: (Time is in decaauts)
 A = Elapsed time spent in this place.
 B = Non-inter-level travel time spent in this place.
 C = Inter-level travel time spent in this place.
 D = Time resting spent in this place.
 E = Time spent auto-exploring this place.
 F = Levels seen in this place.
 G = Mean time per level.
                   A        B        C        D        E       F      G
               +--------+--------+--------+--------+--------+-----+--------+
         Total |  10203 |   9865 |    338 |    254 |   7235 |  11 |  927.5 |
       Dungeon |  10203 |   9865 |    338 |    254 |   7235 |  11 |  927.5 |
               +--------+--------+--------+--------+--------+-----+--------+

Top non-repeatable levels by time:
     D:9: 1565 daAuts
     D:7: 1329 daAuts
     D:2: 1128 daAuts
    D:10: 1120 daAuts
     D:5: 1058 daAuts
     D:4: 943 daAuts
     D:3: 938 daAuts
     D:6: 847 daAuts
     D:8: 616 daAuts
     D:1: 587 daAuts
    D:11: 67 daAuts
